 Dungeon Crawl Stone Soup version 0.29.0-11-gd7f09526c8 (webtiles) character file.

Game seed: 1528246739466402592

3047 rogsnak the Destroyer (level 9, -15/47 HPs)
             Began as a Tengu Air Elementalist on Sept 5, 2022.
             Was a Follower of Sif Muna.
             Demolished by an orc warrior
             ... wielding a +0 glaive
              (24 damage)
             ... in a bailey.
             The game lasted 00:29:52 (9758 turns).

rogsnak the Destroyer (Tengu Air Elementalist)      Turns: 9758, Time: 00:29:53

Health: -15/47     AC:  4    Str: 10    XL:     9   Next: 87%
Magic:  2/20       EV: 19    Int: 19    God:    Sif Muna [*.....]
Gold:   484        SH:  0    Dex: 14    Spells: 14/22 levels left

rFire   + . .      SeeInvis .   B - +1 morningstar (freeze)
rCold   . . .      Faith    .   (no shield)
rNeg    . . .      Spirit   .   a - +0 robe
rPois   .          Reflect  .   (helmet restricted)
rElec   .          Harm     .   E - +0 cloak
rCorr   .          Rampage  .   v - +0 pair of gloves
Will    .....                   (boots unavailable)
Stlth   ++........              A - amulet of the acrobat
HPRegen 0.15/turn               s - +4 ring of evasion
MPRegen 0.17/turn               u - ring of protection from fire

@: flying quickly and evasively, quick
A: beak, talons 3, nimble flight
a: Renounce Religion, Channel Magic


You were in a bailey.
You worshipped Sif Muna.
Sif Muna was aware of your devotion.
You visited 2 branches of the dungeon, and saw 9 of its levels.
You also visited: Bailey.

You collected 484 gold pieces.

Inventory:

Hand Weapons
 B - a +1 morningstar of freezing (weapon)
 C - a +5 mace
 N - a +2 dagger of protection
 Q - a +2 flail of holy wrath
 R - a +4 halberd
Missiles
 f - 75 stones
 h - 12 poisoned darts
 F - 2 throwing nets
 I - 2 boomerangs of dispersal
 O - a curare-tipped dart
Armour
 a - a +0 robe (worn)
 v - a +0 pair of gloves (worn)
 E - a +0 cloak (worn)
Magical Staves
 y - a staff of fire
Jewellery
 q - a ring of ice
 s - a +4 ring of evasion (left hand)
 u - a ring of protection from fire (right hand)
 A - an amulet of the acrobat (around neck)
 P - a ring of see invisible
Wands
 J - a wand of flame (50)
Scrolls
 c - 3 scrolls of teleportation {unknown}
 d - 2 scrolls of immolation
 g - 2 scrolls of enchant armour {unknown}
 k - 2 scrolls of blinking {unknown}
 l - 4 scrolls of butterflies {unknown}
 p - 2 scrolls of enchant weapon {unknown}
 r - a scroll of amnesia
 t - a scroll of brand weapon
 x - 2 scrolls of magic mapping
Potions
 b - 2 potions of magic
 i - 2 potions of cancellation {unknown}
 j - 3 potions of might {unknown}
 m - 2 potions of brilliance {unknown}
 n - 6 potions of lignification {unknown}
 z - 2 potions of curing
 G - 2 potions of heal wounds
 H - 3 potions of attraction


   Skills:
 + Level 1.1 Fighting
 + Level 3.4 Dodging
 - Level 2.1 Stealth
 + Level 7.0 Spellcasting
 * Level 10.8 Conjurations
 + Level 9.9 Air Magic


You had 14 spell levels left.
You knew the following spells:

 Your Spells              Type           Power      Damage    Failure   Level
a - Shock                 Conj/Air       100%       1d9       1%          1
b - Airstrike             Air            22%        2d(4-20)  1%          4
c - Mephitic Cloud        Conj/Pois/Air  33%        N/A       1%          3

Your spell library contained the following spells:

 Spells                   Type           Power      Damage    Failure   Level
 Static Discharge         Conj/Air       46%        3-9/arc   1%          2
 Swiftness                Air            44%        N/A       1%          3
 Sublimation of Blood     Necr           6%         N/A       16%         2
 Wereblood                Tmut           6%         N/A       16%         2
 Freezing Cloud           Conj/Ice/Air   16%        6-21      16%         5
 Call Canine Familiar     Summ           6%         N/A       30%         3
 Ignite Poison            Fire/Tmut/Pois 6%         N/A       30%         3
 Portal Projectile        Hex/Tloc       12%        N/A       30%         3
 Irradiate                Conj/Tmut      13%        3d16      30%         5
 Leda's Liquefaction      Hex/Erth       3%         N/A       69%         4
 Petrify                  Tmut/Erth      6%         N/A       69%         4
 Metabolic Englaciation   Hex/Ice        3%         N/A       95%         5
 Statue Form              Tmut/Erth      4%         N/A       100%        6
 Summon Hydra             Summ           3%         N/A       100%        7


Dungeon Overview and Level Annotations

Branches:
Dungeon (8/15)             Temple (1/1) D:6          Bailey (1/1)
   Lair: D:8-11

Altars:
Dithmenos
Fedhas
Gozag
Hepliaklqana
Kikubaaqudgha
Okawaru
Ru
Sif Muna
Trog
Uskayaw
Wu Jian
Xom
Yredelemnul
The Shining One

Shops:
D:1 =   D:3 [   D:5 *

Annotations:
D:4 Wall Cache Amulet


Innate Abilities, Weirdness & Mutations

You have a beak for a mouth.
You have claws for feet.
Your magical nature lets you fly swiftly and evasively.


Message History

The orc warrior is engulfed in noxious fumes.
The orc warrior hits the orc with a +0 war axe!
The orc is killed!
Sif Muna accepts your kill.
An orc warrior comes into view. It is wielding a +0 halberd.
As you read the scroll of identify, it crumbles to dust.
z - 2 potions of curing The orc warrior is engulfed in noxious fumes.
The orc warrior appears confused.
The orc warrior suddenly grunts.
Unknown command.
Casting: Mephitic Cloud (safe; 1% risk of failure)
Confirm with . or Enter, or press ? or * to list all spells.
Aiming: Mephitic Cloud (safe; 1% risk of failure)
Press: ? - help, Shift-Dir - straight line, p - orc The ball explodes into a vile cloud!
The stinking cloud engulfs the orc warrior but does no damage.
The orc warrior is engulfed in noxious fumes.
The orc warrior appears confused.
Unknown command.
Unknown command.
Unknown command.
Unknown command.
Unknown command.
The orc warrior misses you.
The orc sings a few bars from the Orcish anthem.
Unknown command.
Unknown command.
The orc warrior is engulfed in noxious fumes.
The orc warrior hits the orc warrior with a +0 glaive!
The orc warrior misses you. The orc misses you.
Unknown command.
Okay, then.
As you read the scroll labelled LACRAS ITUNU, it crumbles to dust.
The creatures around you are filled with an inner flame!
It was a scroll of immolation.
The orc warrior barely misses you.
The orc warrior is engulfed in noxious fumes.
The orc warrior hits you from afar with a +0 glaive!!
Ouch! That really hurt!
You die...

#. ... .#
#.....o.#
#..#.#..#
#..#8#..
#...○..
.o☼.
##o##
#..@#
#.oo#
#.oo#
#.?o#
###'###
##.....##
#.......#
#.....).#
#.......#


You could see 4 orc warriors and 3 orcs.

Vanquished Creatures
  Sigmund (D:6)
  A steam dragon (D:8)
  A wyvern (D:8)
  Duvessa (D:6)
  2 orc warriors
  A sky beast (D:6)
  2 black bears
  2 ogres
  3 centaurs
  A phantom (D:4)
  A kobold brigand (D:7)
  A bullfrog (D:7)
  2 scorpions (D:5)
  3 wights (D:4)
  2 necrophages
  Dowan (D:6)
  6 killer bees (D:8)
  2 howler monkeys
  A hound (D:4)
  2 gnoll boudas
  2 jellies (D:5)
  4 iguanas
  3 orc wizards
  7 gnolls
  8 adders
  2 shadow imps
  2 white imps (D:7)
  2 worms (D:2)
  3 dart slugs
  38 orcs
  7 ball pythons
  6 bats
  3 endoplasms
  4 giant cockroaches
  8 goblins
  7 hobgoblins
  2 jackals (D:4)
  7 quokkas
  2 frilled lizards (D:1)
  11 kobolds
  8 rats
172 creatures vanquished.

Vanquished Creatures (others)
  5 fungi (D:2)
  A plant (D:2)
6 creatures vanquished.

Grand Total: 178 creatures vanquished

Notes
Turn   | Place    | Note
-------+----------+-------------------------------------------
     0 | D:1      | rogsnak the Tengu Air Elementalist began the quest for the
                  | Orb.
     0 | D:1      | Reached XP level 1. HP: 10/10 MP: 4/4
   199 | D:1      | Reached XP level 2. HP: 15/15 MP: 1/6
   473 | D:1      | Found Jonuguq's Jewellery Shoppe.
   476 | D:1      | You fall into a shaft and drop 1 floor!
   825 | D:1      | Reached skill level 2 in Conjurations
   825 | D:1      | Reached XP level 3. HP: 19/19 MP: 4/7
  1208 | D:2      | Found a faded altar of an unknown god.
  1608 | D:2      | Reached XP level 4. HP: 24/24 MP: 1/9
  1680 | D:2      | Reached skill level 3 in Conjurations
  2382 | D:3      | Found Otoinat's Antique Armour Boutique.
  2667 | D:3      | Found a glowing golden altar of the Shining One.
  2734 | D:4      | Reached skill level 5 in Air Magic
  2814 | D:4      | Reached skill level 4 in Conjurations
  2814 | D:4      | Gained mutation: Your magical nature lets you fly swiftly
                  | and evasively. [Tengu growth]
  2814 | D:4      | Reached XP level 5. HP: 13/28 MP: 1/10
  3275 | D:4      | Reached skill level 5 in Conjurations
  3275 | D:4      | Reached XP level 6. HP: 32/32 MP: 6/12
  3798 | D:4      | Reached XP level 7. HP: 36/36 MP: 1/14
  3905 | D:4      | Reached skill level 6 in Conjurations
  4200 | D:4      | Learned a level 4 spell: Airstrike
  4647 | D:5      | Entered Level 5 of the Dungeon
  4665 | D:5      | Learned a level 3 spell: Mephitic Cloud
  4915 | D:5      | Reached skill level 7 in Conjurations
  5226 | D:5      | Reached XP level 8. HP: 41/41 MP: 10/16
  5272 | D:5      | Reached skill level 5 in Spellcasting
  5704 | D:5      | Found Oluon's Assorted Antiques.
  5736 | D:6      | Reached skill level 8 in Conjurations
  5895 | D:6      | Found a staircase to the Ecumenical Temple.
  5906 | Temple   | Entered the Ecumenical Temple
  6029 | Temple   | Became a worshipper of Sif Muna the Loreminder
  6079 | D:6      | Noticed Sigmund
  6087 | D:6      | Killed Sigmund
  6528 | D:6      | Reached skill level 9 in Conjurations
  6810 | D:6      | Noticed Duvessa
  6843 | D:6      | Killed Duvessa
  6844 | D:6      | Reached XP level 9. HP: 46/46 MP: 2/19
  6968 | D:6      | Noticed Dowan
  7001 | D:6      | Killed Dowan
  8897 | D:7      | Reached skill level 10 in Conjurations
  9066 | D:7      | Found a hazy altar of Hepliaklqana.
  9066 | D:7      | Found a sacrificial altar of Ru.
  9218 | D:8      | Reached skill level 1 in Fighting
  9377 | D:8      | Reached * piety under Sif Muna
  9484 | D:8      | Found a flagged portal.
  9505 | Bailey   | Entered a bailey
  9708 | Bailey   | HP: 2/47 [orc warrior/+0 trident (8)]
  9758 | Bailey   | Demolished by an orc warrior

Illustrated notes

Levels and vault maps discovered:
D:1:      lightli_arrival_maybe_door_vault, layout_basic, serial_shops, shop,
          roderic_malta_cross
D:2:      layout_basic, dreamdust_ecumenical_altar_grove, nicolae_wormholes
D:3:      layout_basic, lemuel_doored_altar, serial_shops, shop_statue
D:4:      layout_gridville, minmay_misc_feat_encased,
          chequers_serial_rivers_small_3, item_on_display_a
D:5:      layout_rooms, serial_shops, kennysheep_little_box,
          grunt_decor_fettered
D:6:      layout_basic, minmay_temple_entry_ruins,
          chequers_serial_rivers_micro_b, uniq_sigmund, uniq_duvessa
D:7:      layout_loops_ring, gammafunk_temple_overflow_elements
D:8:      layout_loops_ring, mainiacjoe_overflow_divided_tiny, enter_bailey_4
Temple:   regret_index_temple_generic_petals
Bailey:   bailey_polearm_5, bailey

Skill      XL: |  1  2  3  4  5  6  7  8  9 |
---------------+----------------------------+-----
Conjurations   | 2 4 5 7 9 10 | 10.8
Air Magic      | 5 6 8 9 |  9.9
Spellcasting   | 3 4 6 7 |  7.0
Dodging        | 3 |  3.4
Fighting       | 1 |  1.1
Stealth        | |  2.1

Action                   |  1- 3 |  4- 6 |  7- 9 || total
-------------------------+-------+-------+-------++-------
Melee: Unarmed           |     3 |       |       ||     3
       Peck              |     1 |     2 |     9 ||    12
       Kick              |     1 |     1 |    18 ||    20
       Short sword       |     1 |       |       ||     1
       Rapier            |       |     6 |       ||     6
       Morningstar       |       |       |    57 ||    57
       Punch             |       |       |     1 ||     1
 Cast: Shock             |    72 |   139 |   180 ||   391
       Airstrike         |       |       |    28 ||    28
       Mephitic Cloud    |       |       |    23 ||    23
Evoke: Wand              |       |       |     1 ||     1
  Use: Scroll            |       |       |    11 ||    11
 Stab: Sleeping          |       |       |     1 ||     1
       Confused          |       |       |     5 ||     5
Armor: Robe              |     2 |     2 |    12 ||    16
Dodge: Dodged            |     4 |    24 |   137 ||   165
